cohdb
Replays
Latest Replays
All Replays
Popular Replays
Top Player Replays
Match Explorer
How It Works
Community
CoH3 Stats
Reddit
Sign in to upload your games and track your stats! →
Sign in with Steam
Match 39163355
Unlisted
Match 39163355
Overview
Messages
Build Orders
End
Kettenkrad Recon Vehicle
Construct Infanterie Kompanie
Grenadier Squad
MG 42 Machine Gun Team
Sniper
Grenadier Squad
Medical Bunker
Grenadier Squad
Construct Luftwaffe Kompanie
221 Scout Car
Support Elements
Selects Mechanized Battlegroup
Selects Mechanized Battlegroup
Selects Raid Package
Selects StuG Assault Group
StuG Assault Group
Selects Mobile Repair Stations
Jäger Squad
Selects Wespe Self-propelled Artillery
Marder III M Tank Destroyer
Wespe Self-propelled Artillery
Marder III M Tank Destroyer
Pioneer Squad
Pioneer Squad
Wespe Self-propelled Artillery
Construct Panzer Kompanie
Selects Panther Heavy Tank
Panther Heavy Tank
Franksalot
XuZhongwei
0
0
Comments
sign in to comment!
No comments posted yet!